Map: Echo LE (Void)

Players

BattlePope

  • Race: Zerg Zerg
  • League: Grandmaster

Javert - Winner!

  • Race: Zerg Zerg
  • League: Grandmaster

VOD

Have the link to the VOD?

Description

Time

  • Played on: June 26, 2015, 10:30 p.m.
  • Length: 15:11
Show
View Real Time Build Order
Export as new Build Order

BattlePope Zerg 

Build Orders: Hatch First, Muta Ling Bane 

Get SALT Encoding   

  12  0:01  Drone  
  13  0:10  Drone  
  14  0:33  Hatchery  
  13  0:36  Drone  
  14  0:44  Overlord  
  14  1:01  Spawning Pool  
  13  1:05  Drone  
  13  1:06  Drone  
  15  1:15  Drone  
  16  1:20  Drone  
  17  1:27  Drone  
  18  1:39  Drone  
  19  1:46  Overlord  
  19  1:51  Queen x2  
  23  2:01  Drone x3, Extractor  
  25  2:07  Drone  
  26  2:17  Drone x2  
  28  2:24  Drone  
  29  2:31  Queen x2  
  33  2:39  Drone  
  33  2:40  Drone x2  
  36  2:48  Overlord  
  36  3:00  Overlord x2  
  36  3:10  Metabolic Boost  
  34  3:24  Queen  
  34  3:25  Queen  
  36  3:35  Drone x2  
  36  3:36  Drone x2, Zergling x4  
  36  3:37  Zergling x4  
  44  3:42  Overlord  
  44  3:56  Drone  
  44  3:57  Drone x6  
  51  4:05  Baneling Nest  
  49  4:12  Zergling x18  
  48  4:33  Drone x5  
  53  4:53  Drone x3, Extractor  
  53  4:54  Drone  
  53  4:55  Drone x3  
  53  4:58  Lair  
  53  4:59  Drone  
  60  5:01  Overlord  
  60  5:02  Overlord, Extractor  
  59  5:14  Drone x2, Extractor  
  60  5:26  Evolution Chamber, Drone  
  60  5:27  Drone  
  61  5:40  Zergling x14  
  67  6:02  Zergling x12  
  67  6:03  Zergling x8  
  75  6:08  Spire  
  75  6:09  Zerg Ground Armor Level 1  
  74  6:21  Queen  
  74  6:34  Baneling x8  
  74  6:35  Baneling x3  
  74  6:36  Centrifical Hooks  
  74  6:45  Queen  
  75  6:56  Roach Warren  
  73  7:11  Drone x2  
  73  7:14  Overlord x5  
  75  7:20  Hatchery  
  69  7:33  Mutalisk x8  
  86  7:37  Zergling x8  
  74  7:45  Zergling x2  
  74  7:46  Burrow  
  74  7:49  Roach  
  70  8:00  Mutalisk x2  
  56  8:21  Drone x10  
  66  8:32  Mutalisk x2  
  61  8:50  Mutalisk  
  55  8:56  Roach x2  
  55  8:57  Roach  
  58  9:03  Hatchery  
  58  9:05  Roach x2  
  61  9:16  Roach x2  
  65  9:17  Queen  
  67  9:30  Roach  
  67  9:31  Roach  
  71  9:35  Overseer  
  71  9:38  Overseer  
  71  9:50  Roach x2  
  71  9:51  Roach x2  
  79  10:01  Roach x2  
  83  10:09  Queen  
  85  10:18  Zerg Flyer Weapons Level 1  
  85  10:23  Roach  
  87  10:42  Roach x3  
  93  10:46  Drone x3  
  96  10:52  Drone  
  96  10:53  Drone  
  96  10:55  Drone  
  99  11:03  Drone  
  99  11:04  Drone  
  101  11:05  Drone  
  101  11:07  Drone  
  83  11:29  Roach x4  
  83  11:30  Roach x2  
  71  11:40  Roach x2  
  71  11:41  Roach x2  
  76  11:50  Drone x3  
  76  11:51  Drone  
  79  11:56  Queen  
  74  12:04  Roach x2  
  77  12:10  Overseer  
  72  12:17  Spore Crawler  
  67  12:44  Queen  
  65  12:48  Roach x7  
  81  12:59  Drone x3  
  81  13:00  Drone  
  85  13:16  Drone x3  
  85  13:17  Drone x2  
  88  13:31  Glial Reconstitution  
  50  13:57  Roach x10  
  68  14:10  Roach x4  
Show
View Real Time Build Order
Export as new Build Order

Javert Zerg - Winner!

Build Orders: Hatch First 

Get SALT Encoding   

  12  0:01  Drone  
  13  0:13  Overlord  
  13  0:18  Drone  
  14  0:32  Drone  
  14  0:33  Drone  
  16  0:48  Hatchery  
  15  0:52  Drone  
  15  0:55  Extractor  
  15  0:56  Drone  
  16  1:02  Drone  
  17  1:16  Spawning Pool  
  16  1:19  Drone  
  17  1:26  Drone  
  17  1:32  Drone  
  19  1:42  Overlord  
  19  1:54  Drone  
  20  2:03  Metabolic Boost, Queen  
  20  2:06  Queen  
  24  2:10  Zergling x2  
  24  2:12  Zergling x2  
  26  2:18  Zergling x2  
  26  2:19  Zergling x2  
  28  2:28  Drone x2  
  30  2:35  Overlord  
  30  2:47  Drone x3  
  33  2:54  Drone  
  34  3:06  Drone x3  
  36  3:26  Zergling x10  
  39  3:41  Overlord  
  39  3:43  Drone  
  39  3:44  Drone x4  
  44  3:54  Overlord  
  44  3:55  Baneling Nest  
  43  4:12  Drone x5  
  42  4:39  Evolution Chamber  
  42  4:40  Roach Warren, Zergling x8  
  42  4:41  Zergling x2  
  42  4:45  Zergling x4  
  47  4:48  Drone, Extractor  
  47  4:49  Extractor  
  46  5:00  Baneling x3  
  46  5:01  Baneling x2  
  46  5:12  Roach Warren  
  46  5:15  Drone x10  
  46  5:18  Zerg Missile Weapons Level 1  
  56  5:27  Drone x2  
  58  5:36  Overlord  
  58  5:39  Lair  
  58  5:42  Extractor  
  57  5:52  Overlord  
  57  5:53  Drone x3  
  58  6:06  Drone x4  
  58  6:07  Drone x2  
  58  6:08  Overlord x2  
  64  6:19  Roach  
  64  6:22  Roach  
  64  6:23  Roach x3  
  74  6:33  Roach x2  
  74  6:36  Baneling x6  
  74  6:37  Baneling  
  74  6:38  Roach  
  74  6:39  Roach x4  
  88  6:40  Overlord x2  
  88  6:42  Glial Reconstitution  
  88  6:49  Roach x2  
  91  7:09  Roach x4  
  91  7:11  Overlord x2  
  91  7:13  Zerg Ground Armor Level 1  
  98  7:31  Overlord x2  
  95  7:48  Roach x8  
  95  7:49  Roach x2  
  115  7:51  Burrow  
  100  8:21  Spore Crawler x3  
  100  8:23  Spore Crawler  
  100  8:24  Spore Crawler  
  100  8:25  Spore Crawler  
  100  8:26  Spore Crawler  
  89  8:27  Spore Crawler  
  89  8:29  Roach x3  
  89  8:30  Spore Crawler, Roach x3  
  79  8:51  Roach x2  
  79  8:55  Tunneling Claws  
  73  9:08  Roach  
  73  9:09  Roach x3  
  73  9:14  Roach x5  
  73  9:15  Hatchery, Hydralisk Den, Zerg Missile Weapons Level 2  
  71  9:24  Roach x4  
  77  9:36  Roach  
  77  9:37  Roach x4  
  85  9:51  Hydralisk x3  
  85  9:52  Hydralisk x2  
  87  9:55  Muscular Augments  
  83  10:01  Queen x2  
  83  10:04  Hydralisk x2  
  89  10:15  Hydralisk  
  89  10:16  Hydralisk x5  
  101  10:28  Spore Crawler  
  100  10:29  Spore Crawler  
  99  10:44  Hydralisk x6  
  99  10:48  Drone x2  
  113  10:54  Spore Crawler  
  112  11:02  Roach  
  112  11:03  Overlord  
  114  11:11  Hatchery  
  105  11:31  Zerg Ground Armor Level 2  
  81  11:38  Hydralisk  
  81  11:39  Hydralisk x7  
  87  11:50  Roach x3  
  87  11:51  Hydralisk x3  
  91  12:00  Hydralisk x2, Roach x3  
  93  12:06  Hatchery  
  90  12:13  Hydralisk x3  
  96  12:31  Roach x3  
  100  12:44  Roach x2  
  100  12:56  Roach x2  
  108  13:13  Roach x3  
  110  13:34  Roach  
  104  13:59  Roach x6  
  116  14:05  Extractor  
  116  14:07  Extractor  
  112  14:30  Roach x3  
  112  14:31  Roach x4  
  118  14:43  Roach x3  
Tags
 
Add a new tag
Caveats
  • Supply blocks, unpowered buildings, or Contaminate may cause inaccurate times.
  • Supply counts are checked every 10 seconds.